 Dungeon Crawl Stone Soup version 0.30-a0-739-gea05faddec (webtiles) character file.

Game seed: 12364132059701449049

170 KleinerIrrer the Twirler (level 5, -5/43 HPs)
             Began as a Gnoll Wanderer on Feb 4, 2023.
             Slain by an ogre
             ... wielding a +0 giant club
              (23 damage)
             ... on level 4 of the Dungeon.
             The game lasted 00:04:27 (2843 turns).

KleinerIrrer the Twirler (Gnoll Wanderer)           Turns: 2843, Time: 00:04:27

Health: -5/43      AC:  3    Str:  8 (9)  XL:     5   Next: 50%
Magic:  7/7        EV: 11    Int: 11 (12) God:
Gold:   260        SH:  0    Dex: 14 (15) Spells: 7/7 levels left

rFire   . . .      SeeInvis .    a - +2 quarterstaff
rCold   . . .      Faith    .    (shield currently unavailable)
rNeg    . . .      Spirit   .    s - +0 leather armour
rPois   .          Reflect  .    (no helmet)
rElec   .          Harm     .    (no cloak)
rCorr   .          Rampage  .    (no gloves)
Will    .....                    (no boots)
Stlth   ++                       (no amulet)
HPRegen 0.27/turn                (no ring)
MPRegen 0.10/turn                (no ring)

@: hasted, very quick
A: fangs 1, strong nose, distributed training
a: no special abilities


You were on level 4 of the Dungeon.
You visited 1 branch of the dungeon, and saw 4 of its levels.

You collected 260 gold pieces.

Inventory:

Hand Weapons
 a - a +2 quarterstaff (weapon)
 b - a +0 short sword
 d - a +0 dagger
 o - a +3 short sword
Missiles
 c - 11 poisoned darts (quivered)
 j - 6 javelins
 l - a throwing net
Armour
 s - a +0 leather armour (worn)
Magical Staves
 k - a staff of air
Jewellery
 g - a ring of willpower
Scrolls
 e - a scroll of fear
 f - a scroll of noise {unknown}
 i - a scroll of vulnerability {unknown}
 m - 4 scrolls of teleportation {unknown}
 n - 3 scrolls of identify {unknown}
 q - a scroll of enchant armour {unknown}
 r - a scroll of silence {unknown}
 t - a scroll of immolation {unknown}
 x - a scroll of brand weapon {unknown}
Potions
 p - 2 potions of degeneration
 u - 2 potions of curing
 v - 2 potions of heal wounds {unknown}
 w - a potion of brilliance {unknown}


   Skills:
 + Level 4.8 Fighting
 + Level 6.7 Short Blades
 + Level 1.6 Long Blades
 + Level 1.6 Axes
 + Level 1.6 Maces & Flails
 + Level 1.6 Polearms
 + Level 6.7 Staves
 + Level 1.6 Ranged Weapons
 + Level 4.8 Throwing
 + Level 1.6 Armour
 + Level 1.6 Dodging
 + Level 1.6 Stealth
 + Level 1.6 Shields
 + Level 1.6 Unarmed Combat
 + Level 1.6 Spellcasting
 + Level 1.2 Conjurations
 + Level 1.2 Hexes
 + Level 1.2 Summonings
 + Level 1.2 Necromancy
 + Level 1.2 Translocations
 + Level 1.2 Transmutations
 + Level 1.2 Fire Magic
 + Level 1.2 Ice Magic
 + Level 1.2 Air Magic
 + Level 1.2 Earth Magic
 + Level 1.2 Poison Magic
 + Level 1.8 Invocations
 + Level 1.6 Evocations


You had 7 spell levels left.
You didn't know any spells.
Your spell library contained the following spells:

 Spells                   Type           Power      Damage    Failure   Level
 Shock                    Conj/Air       12%        1d3       26%         1
 Swiftness                Air            3%         N/A       58%         3
 Airstrike                Air            1%         2d(1-17)  94%         4


Dungeon Overview and Level Annotations

Branches:
Dungeon (4/15)
 Temple: D:4-7

Altars:

Shops:
D:3 =


Innate Abilities, Weirdness & Mutations

You have very sharp teeth.
Your uncanny sense of smell can sniff out nearby items.
Your experience applies equally to all skills.


Message History

The adder hisses angrily.
The adder misses you.
You barely miss the adder. The adder bites you.
You are poisoned.
The adder poisons you!
You sock the adder!
The adder is almost dead.
You feel sick. The adder barely misses you.
You hit the adder.
You kill the adder!
You feel sick.
No target in view!
You feel sick.
You feel sick.
You feel sick.
You feel sick.
You feel sick.
You are no longer poisoned.
u - 2 potions of curing (gained 1)
There is a stone staircase leading down here.
Found a stone staircase leading up.
An ogre comes into view. It is wielding a +0 giant club.
Found a grey potion and a dagger.
You barely miss the ogre. You bite the ogre, but do no damage.
The ogre hits you with a +0 giant club!!
Ouch! That really hurt!
You hit the ogre. Your bite misses the ogre.
The ogre is lightly wounded.
You hit the ogre but do no damage.
The ogre is lightly wounded.
The ogre barely misses you.
You hit the ogre but do no damage.
The ogre is lightly wounded.
The ogre barely misses you.
You feel yourself speed up.
You hit the ogre.
The ogre is moderately wounded.
The ogre hits you with a +0 giant club!!
Ouch! That really hurt!
You die...

) ∆ . #.###
### . #.!..
..# .
#.....#.# .##
#.. ##....#.##
..# #..
........<#
..#####.#
#########.##
#....##.#
#....@O..!.#
#.##.##.#
#.##########
#.##.##.# #.#
#.##.##.## #.#
#.##.##..###.#
..##....>..#.#
......####.#.#
#####.# #...#
...<#.## #####


You could see an ogre.

Vanquished Creatures
  An orc priest (D:3)
  Natasha (D:4)
  6 adders
  A worm (D:2)
  A dart slug (D:4)
  5 orcs
  3 bats
  4 endoplasms
  3 giant cockroaches
  A goblin (D:2)
  5 hobgoblins
  4 jackals (D:1)
  4 kobolds
  2 quokkas
  3 ball pythons (D:1)
  5 rats
49 creatures vanquished.

Notes
Turn   | Place    | Note
-------+----------+-------------------------------------------
     0 | D:1      | KleinerIrrer the Gnoll Wanderer began the quest for the
                  | Orb.
     0 | D:1      | KleinerIrrer set off with the following items: a +2
                  | quarterstaff, a +0 short sword, 11 poisoned darts, a +0
                  | dagger, a scroll of fear, a +0 robe.
     0 | D:1      | Reached XP level 1. HP: 20/20 MP: 1/1
    88 | D:1      | Reached XP level 2. HP: 21/26 MP: 2/2
   477 | D:2      | Reached XP level 3. HP: 31/31 MP: 3/3
   707 | D:2      | Reached skill level 1 in Invocations
   867 | D:2      | Reached skill level 1 in Long Blades
   867 | D:2      | Reached skill level 1 in Axes
   867 | D:2      | Reached skill level 1 in Maces & Flails
   867 | D:2      | Reached skill level 1 in Polearms
   867 | D:2      | Reached skill level 1 in Ranged Weapons
   867 | D:2      | Reached skill level 1 in Armour
   867 | D:2      | Reached skill level 1 in Dodging
   867 | D:2      | Reached skill level 1 in Stealth
   867 | D:2      | Reached skill level 1 in Shields
   867 | D:2      | Reached skill level 1 in Unarmed Combat
   867 | D:2      | Reached skill level 1 in Spellcasting
   867 | D:2      | Reached skill level 1 in Evocations
   963 | D:2      | Reached XP level 4. HP: 31/38 MP: 5/5
  1503 | D:2      | Reached skill level 1 in Conjurations
  1503 | D:2      | Reached skill level 1 in Hexes
  1503 | D:2      | Reached skill level 1 in Summonings
  1503 | D:2      | Reached skill level 1 in Necromancy
  1503 | D:2      | Reached skill level 1 in Translocations
  1503 | D:2      | Reached skill level 1 in Transmutations
  1503 | D:2      | Reached skill level 1 in Fire Magic
  1503 | D:2      | Reached skill level 1 in Ice Magic
  1503 | D:2      | Reached skill level 1 in Air Magic
  1503 | D:2      | Reached skill level 1 in Earth Magic
  1503 | D:2      | Reached skill level 1 in Poison Magic
  1941 | D:3      | Found a faded altar of an unknown god.
  2013 | D:3      | HP: 1/38 [orc/+0 trident (6)]
  2294 | D:3      | Reached XP level 5. HP: 24/43 MP: 5/7
  2560 | D:3      | Found Tafihuh's Jewellery Shop.
  2561 | D:3      | You fall into a shaft and drop 1 floor!
  2626 | D:4      | Noticed Natasha
  2633 | D:4      | Killed Natasha
  2828 | D:4      | Noticed an ogre
  2843 | D:4      | Slain by an ogre

Illustrated notes

Levels and vault maps discovered:
D:1:      dpeg_arrival_tiny_i, layout_rooms
D:2:      layout_basic
D:3:      layout_loops_corners, chequers_ecumenical_altar_twisty, serial_shops,
          nicolae_shop_temple_entry_statues_fountains
D:4:      minmay_door_path, layout_basic, uniq_natasha

Skill      XL: |  1  2  3  4 |
---------------+-------------+-----
Invocations    | 1 |  1.8
Long Blades    | 1 |  1.6
Axes           | 1 |  1.6
Maces & Flails | 1 |  1.6
Polearms       | 1 |  1.6
Ranged Weapons | 1 |  1.6
Armour         | 1 |  1.6
Dodging        | 1 |  1.6
Stealth        | 1 |  1.6
Shields        | 1 |  1.6
Unarmed Combat | 1 |  1.6
Spellcasting   | 1 |  1.6
Evocations     | 1 |  1.6
Conjurations   | 1 |  1.2
Hexes          | 1 |  1.2
Summonings     | 1 |  1.2
Necromancy     | 1 |  1.2
Translocations | 1 |  1.2
Transmutations | 1 |  1.2
Fire Magic     | 1 |  1.2
Ice Magic      | 1 |  1.2
Air Magic      | 1 |  1.2
Earth Magic    | 1 |  1.2
Poison Magic   | 1 |  1.2
Fighting       | |  4.8
Short Blades   | |  6.7
Staves         | |  6.7
Throwing       | |  4.8

Action                     |  1- 3 |  4- 6 || total
---------------------------+-------+-------++-------
  Melee: Quarterstaff      |    66 |    75 ||   141
         Bite              |     8 |     5 ||    13
    Use: Potion            |       |     5 ||     5
   Stab: Sleeping          |       |     3 ||     3
 Armour: Robe              |     6 |     8 ||    14
         Leather armour    |       |     1 ||     1
  Dodge: Dodged            |    41 |    37 ||    78

Table legend: (Time is in decaauts)
 A = Elapsed time spent in this place.
 B = Non-inter-level travel time spent in this place.
 C = Inter-level travel time spent in this place.
 D = Time resting spent in this place.
 E = Time spent auto-exploring this place.
 F = Levels seen in this place.
 G = Mean time per level.
                   A        B        C        D        E       F      G
               +--------+--------+--------+--------+--------+-----+--------+
         Total |   2824 |   2689 |    135 |    258 |   2018 |   4 |  706.0 |
       Dungeon |   2824 |   2689 |    135 |    258 |   2018 |   4 |  706.0 |
               +--------+--------+--------+--------+--------+-----+--------+

Top non-repeatable levels by time:
     D:2: 1364 daAuts
     D:3: 713 daAuts
     D:1: 466 daAuts
     D:4: 281 daAuts
